 Dungeon Crawl Stone Soup version 0.23.0 (webtiles) character file.

Game seed: 12847293685109766356

16209 Ivernyr the Transmogrifier (level 12, -13/53 HPs)
             Began as a Vine Stalker Transmuter on Feb 18, 2019.
             Was a High Priest of Cheibriados.
             Killed by divine providence
             ... invoked by a meliai
              (16 damage)
             ... on level 4 of the Lair of Beasts on Feb 19, 2019.
             The game lasted 01:00:10 (12371 turns).

Ivernyr the Transmogrifier (VSTm)                  Turns: 12371, Time: 01:00:11

Health: -13/53     AC:  2    Str: 25    XL:     12   Next: 35%
Magic:  0/26       EV: 25    Int: 30    God:    Cheibriados [*****.]
Gold:   651        SH:  0    Dex: 35    Spells: 10/29 levels left

rFire    . . .     SeeInvis .     - Unarmed
rCold    . . .     Gourm    .   (shield currently unavailable)
rNeg     . . .     Faith    .   (armour currently unavailable)
rPois    x         Spirit   +   (helmet currently unavailable)
rElec    .         Reflect  .   (cloak currently unavailable)
rCorr    .         Harm     .   (gloves currently unavailable)
MR       +....                  (boots currently unavailable)
Stlth    +++.......             (no amulet)
HPRegen  0.97/turn              (no ring)
MPRegen  0.20/turn              (no ring)

@: spider-form, very slow
A: tiny, regeneration 2, magic shield, no potion heal 3, rot immunity
a: End Transformation, Bend Time, Temporal Distortion, Slouch, Step From Time,
Renounce Religion


You were on level 4 of the Lair of Beasts.
You worshipped Cheibriados.
Cheibriados was extremely pleased with you.
You were not hungry.
You were a venomous arachnid creature.
You visited 3 branches of the dungeon, and saw 15 of its levels.
You also visited: Ossuary.

You collected 651 gold pieces.

Inventory:

Missiles
 a - 139 arrows
Armour
 b - a +0 robe of positive energy (melded)
 m - a +0 cloak (melded)
 v - a +1 helmet (melded)
 y - a +0 pair of gloves (melded)
Wands
 D - a wand of paralysis (12)
Scrolls
 c - 2 scrolls of fog {unknown}
 f - 4 scrolls of fear {unknown}
 g - 12 scrolls of remove curse
 k - 9 scrolls of identify {unknown}
 n - 4 scrolls of enchant armour {unknown}
 o - 3 scrolls of amnesia
 q - 2 scrolls of immolation {unknown}
 r - 5 scrolls of teleportation
 s - 2 scrolls of random uselessness {unknown}
 t - 2 scrolls of blinking {unknown}
 u - 2 scrolls of enchant weapon {unknown}
 x - a scroll of noise {unknown}
 z - 2 scrolls of vulnerability {unknown}
 A - 3 scrolls of summoning {unknown}
Potions
 e - 4 potions of heal wounds {unknown}
 h - 4 potions of curing
 i - 3 potions of haste {unknown}
 j - 3 potions of flight {unknown}
 l - 2 potions of agility {unknown}
 p - 2 potions of cancellation {unknown}
 w - a potion of brilliance {unknown}
 B - a potion of might {unknown}
 C - 2 potions of mutation {unknown}
 E - a potion of degeneration {unknown}
Comestibles
 d - 32 rations


   Skills:
 - Level 1.1 Fighting
 - Level 4.0 Dodging
 + Level 9.4 Unarmed Combat
 + Level 9.3 Spellcasting
 * Level 12.5 Transmutations
 + Level 7.6 Invocations


You had 10 spell levels left.
You knew the following spells:

 Your Spells              Type           Power        Failure   Level  Hunger
a - Beastly Appendage     Tmut           ######       1%          1    None
b - Sticks to Snakes      Tmut           ######..     1%          2    None
c - Spider Form           Tmut/Pois      ######....   4%          3    None
d - Blade Hands           Tmut           ######....   4%          5    ####...
e - Conjure Flame         Conj/Fire      ##......     28%         3    None
f - Mephitic Cloud        Conj/Pois/Air  ##......     28%         3    None
g - Blink                 Tloc           N/A          17%         2    None

Your spell library contained the following spells:

 Spells                   Type           Power        Failure   Level  Hunger
 Ice Form                 Ice/Tmut       ######..     10%         4    None
 Animate Skeleton         Necr           N/A          12%         1    None
 Corona                   Hex            ##.....      12%         1    None
 Magic Dart               Conj           ##..         12%         1    None
 Pain                     Necr           ##..         12%         1    None
 Shock                    Conj/Air       ##..         12%         1    None
 Summon Small Mammal      Summ           ##..         12%         1    None
 Call Imp                 Summ           ##......     17%         2    None
 Ensorcelled Hibernation  Hex/Ice        ##....       17%         2    None
 Shroud of Golubria       Chrm/Tloc      ##........   17%         2    None
 Slow                     Hex            ##......     17%         2    None
 Swiftness                Chrm/Air       ##......     17%         2    None
 Call Canine Familiar     Summ           ##......     28%         3    None
 Confuse                  Hex            ##......     28%         3    None
 Dazzling Spray           Conj/Hex       ##....       28%         3    None
 Inner Flame              Hex/Fire       ##......     28%         3    None
 Lesser Beckoning         Tloc           ##........   28%         3    None
 Portal Projectile        Hex/Tloc       ##....       28%         3    None
 Regeneration             Chrm/Necr      ##........   28%         3    None
 Static Discharge         Conj/Air       ##......     28%         3    None
 Summon Guardian Golem    Hex/Summ       ##......     28%         3    None
 Tukima's Dance           Hex            ##......     28%         3    None
 Vampiric Draining        Necr           ##........   28%         3    None
 Airstrike                Air            ##........   58%         4    None
 Animate Dead             Necr           N/A          58%         4    None
 Cause Fear               Hex            ##........   58%         4    None
 Leda's Liquefaction      Hex/Erth       ##........   58%         4    None
 Summon Ice Beast         Ice/Summ       ##......     58%         4    None
 Summon Lightning Spire   Summ/Air       ##......     58%         4    None
 Lightning Bolt           Conj/Air       ##........   87%         5    ####...
 Summon Forest            Summ/Tloc      ##........   87%         5    ####...


Dungeon Overview and Level Annotations

Branches:
Dungeon (10/15)            Temple (1/1) D:6            Lair (4/6) D:8
 Spider (0/4) Lair:2
  Swamp: Lair:2-4    Shoals: Lair:2-4       Orc: D:9-12

Altars:
Ashenzari
Cheibriados
Fedhas
Hepliaklqana
Kikubaaqudgha
Nemelex Xobeh
Okawaru
Ru
Uskayaw
Wu Jian
Yredelemnul
Zin
The Shining One

Shops:
D:9 [

Annotations:
D:3 2 transporters, mys's ghost, amateur CeWr
Lair:2 3 runed translucent doors, Raymar's ghost, journeyman MiFi
Lair:3 2 transporters


Innate Abilities, Weirdness & Mutations

((You have razor-sharp teeth.))
You heal very quickly.
When hurt, damage is shared between your health and your magic reserves.
((Your bite disrupts and absorbs the magic of your enemies.))
Potions cannot restore your health.
You are immune to rotting.


Message History

You feel less protected from negative energy.
A meliai comes into view. It is wielding a +0 hand axe.
You bite the crocodile!
The crocodile is heavily wounded.
The crocodile closely misses you.
You hit the crocodile.
The crocodile is poisoned.
The crocodile is heavily wounded.
Casting: Spider Form (safe; 4% risk of failure)
Confirm with . or Enter, or press ? or * to list all spells.
You create 3 snakes!
You now have 139 arrows.
The meliai hits you with a +0 hand axe. The meliai misses your adder.
The meliai completely misses you. The crocodile bites you!
* * * LOW HITPOINT WARNING * * *
The meliai hits you with a +0 hand axe!
* * * LOW HITPOINT WARNING * * *
The meliai barely misses your adder. The meliai completely misses you.
You swap places.
The meliai mumbles some strange prayers to its god against you.
Something smites you!
You die...

...#### ....#.##
..^...P# .......#
.......# .....###
....##### #
.....##.##########.#
##.#.....#...S##s..#
..#.#........StS.###
##.#.#........y###
###.#........###
####.#.....#.#
..##.#.........
##..#......###.
..##......##
..รท......##


You could see a crocodile, a meliai and 2 friendly adders.

Vanquished Creatures
  Erica (D:8)
  4 elephants (Lair:2)
  4 spiny frogs
  A kobold demonologist (D:9)
  A rime drake (Lair:1)
  A komodo dragon (Lair:1)
  A tyrant leech (Lair:4)
  A meliai (Lair:4)
  7 hippogriffs
  A blink frog (Lair:4)
  Sigmund (D:2)
  A wyvern (D:9)
  Eustachio (D:6)
  3 basilisks
  7 yaks
  7 water moccasins
  7 porcupines
  3 black bears (D:8)
  2 sky beasts
  2 phantoms
  5 centaurs
  An ogre (D:7)
  4 wolves
  5 crocodiles
  7 bullfrogs
  17 big kobolds
  A water moccasin zombie (Ossuary)
  A scorpion (D:4)
  24 killer bees
  4 wights (D:6)
  2 howler monkeys
  3 crimson imps
  4 hounds
  A jelly (D:6)
  A bullfrog skeleton (D:8)
  3 orc priests (D:7)
  Crazy Yiuf (D:2)
  Jessica (D:2)
  2 iguanas (D:9)
  5 worker ants
  6 orc wizards
  2 big kobold zombies (Ossuary)
  A hound skeleton (D:6)
  2 mummies (Ossuary)
  Robin (D:4)
  11 adders
  12 white imps (Lair:1)
  An ooze (D:2)
  10 adder zombies
  3 adder skeletons
  3 worms
  3 leopard geckos
  22 orcs
  5 ball pythons
  7 bats
  7 giant cockroaches
  16 goblins
  10 hobgoblins
  9 jackals
  A quokka (D:3)
  8 frilled lizards
  6 hobgoblin zombies (Ossuary)
  24 kobolds
  6 kobold zombies (Ossuary)
  9 orc zombies (Ossuary)
  A quokka skeleton (D:8)
  3 rats
337 creatures vanquished.

Vanquished Creatures (collateral kills)
  A spiny frog (Lair:4)
  3 komodo dragons
  2 basilisks (Lair:3)
  4 yaks (Lair:4)
  A plant (Lair:3)
11 creatures vanquished.

Vanquished Creatures (others)
  5 fungi (D:8)
5 creatures vanquished.

Grand Total: 353 creatures vanquished

Notes
Turn   | Place    | Note
-------+----------+-------------------------------------------
     0 | D:1      | Ivernyr the Vine Stalker Transmuter began the quest for the
                  | Orb.
     0 | D:1      | Reached XP level 1. HP: 9/9 MP: 4/4
   212 | D:1      | Reached skill level 1 in Fighting
   270 | D:1      | Reached XP level 2. HP: 14/14 MP: 4/6
   274 | D:1      | Learned a level 2 spell: Sticks to Snakes
   863 | D:2      | Reached XP level 3. HP: 11/18 MP: 4/7
   981 | D:2      | Learned a level 3 spell: Spider Form
  1001 | D:2      | Noticed Sigmund
  1019 | D:2      | Killed Sigmund
  1019 | D:2      | Reached skill level 3 in Transmutations
  1019 | D:2      | Gained mutation: Your natural rate of healing is unusually
                  | fast. [Vine Stalker growth]
  1019 | D:2      | Reached XP level 4. HP: 12/22 MP: 2/9
  1019 | D:2      | Reached XP level 5. HP: 14/25 MP: 2/10
  1288 | D:2      | Reached skill level 4 in Transmutations
  1368 | D:2      | Found a runed translucent door.
  1369 | D:2      | Noticed Crazy Yiuf
  1386 | D:2      | Killed Crazy Yiuf
  1386 | D:2      | Reached XP level 6. HP: 28/30 MP: 1/11
  1603 | D:2      | Noticed Jessica
  1618 | D:2      | Killed Jessica
  2105 | D:3      | Found a transporter.
  2105 | D:3      | Found a transporter.
  2105 | D:3      | Identified the +8 great mace of Disgust {venom, rN++ Int+5
                  | Dex-3}
  2105 | D:3      | Noticed mys's ghost (amateur CeWr)
  2488 | D:3      | Found a sacrificial altar of Ru.
  2586 | D:4      | Noticed a phantom
  2632 | D:4      | Killed a phantom
  2632 | D:4      | Reached XP level 7. HP: 23/33 MP: 10/13
  2670 | D:4      | Noticed Robin
  2800 | D:4      | Killed Robin
  2860 | D:4      | Found a sand-covered staircase.
  2867 | D:4      | Reached skill level 5 in Transmutations
  2872 | Ossuary  | Entered an ossuary
  4049 | D:5      | Entered Level 5 of the Dungeon
  4128 | D:5      | Gained mutation: You have razor-sharp teeth. [Vine Stalker
                  | growth]
  4128 | D:5      | Reached XP level 8. HP: 9/37 MP: 4/15
  4224 | D:5      | Reached skill level 6 in Transmutations
  4278 | D:5      | Reached skill level 5 in Unarmed Combat
  5087 | D:6      | Found a staircase to the Ecumenical Temple.
  5173 | D:6      | Reached skill level 5 in Spellcasting
  5291 | Temple   | Entered the Ecumenical Temple
  5312 | Temple   | Became a worshipper of Cheibriados the Contemplative
  5340 | D:6      | Noticed Eustachio
  5350 | D:6      | Killed Eustachio
  5350 | D:6      | Reached skill level 7 in Transmutations
  5507 | D:6      | Found a shattered altar of Ashenzari.
  5521 | D:6      | Reached skill level 1 in Invocations
  5823 | D:7      | Reached XP level 9. HP: 41/41 MP: 14/18
  5862 | D:7      | Identified the Papyrus of Creation and Orientation
  6073 | D:8      | Reached * piety under Cheibriados
  6135 | D:8      | Reached skill level 8 in Transmutations
  6755 | D:8      | Found a staircase to the Lair.
  6862 | D:8      | Reached ** piety under Cheibriados
  6876 | D:8      | Reached skill level 9 in Transmutations
  6876 | D:8      | Reached XP level 10. HP: 45/45 MP: 14/20
  7315 | D:8      | Noticed Erica
  7328 | D:8      | Killed Erica
  7787 | D:8      | Learned a level 5 spell: Blade Hands
  7939 | D:9      | Reached *** piety under Cheibriados
  8231 | D:9      | Found Ahuh's Armour Shoppe.
  8239 | D:9      | Reached skill level 10 in Transmutations
  8322 | D:9      | Reached skill level 5 in Invocations
  8473 | D:9      | Noticed a kobold demonologist
  8490 | D:9      | Killed a kobold demonologist
  8504 | D:9      | Reached **** piety under Cheibriados
  8521 | D:9      | Reached XP level 11. HP: 47/49 MP: 16/23
  8645 | D:10     | Entered Level 10 of the Dungeon
  8703 | Lair:1   | Entered Level 1 of the Lair of Beasts
  8771 | Lair:1   | Found a frozen archway.
  9183 | Lair:1   | Reached ***** piety under Cheibriados
  9246 | Lair:1   | Reached skill level 11 in Transmutations
  9364 | Lair:1   | Learned a level 3 spell: Conjure Flame
  9368 | Lair:1   | Learned a level 3 spell: Mephitic Cloud
 10025 | Lair:2   | Found a hole to the Spider Nest.
 10104 | Lair:2   | Learned a level 2 spell: Blink
 10562 | Lair:2   | Found a runed translucent gate.
 10562 | Lair:2   | Found a runed translucent gate.
 10562 | Lair:2   | Found a runed translucent gate.
 10563 | Lair:2   | Noticed Raymar's ghost (journeyman MiFi)
 11263 | Lair:3   | Reached skill level 12 in Transmutations
 11276 | Lair:3   | Gained mutation: You heal very quickly. [Vine Stalker
                  | growth]
 11276 | Lair:3   | Reached XP level 12. HP: 50/53 MP: 21/25
 11615 | Lair:3   | Found a transporter.
 11668 | Lair:3   | Found a transporter.
 12370 | Lair:4   | HP: 2/53 [meliai/+0 hand axe (13)]
 12371 | Lair:4   | Killed from afar by a meliai

Skill      XL: |  1  2  3  4  5  6  7  8  9 10 11 12 |
---------------+-------------------------------------+-----
Fighting       | 1 |  1.1
Dodging        | 2 3 4 |  4.0
Spellcasting   | 3 4 5 6 7 8 9 |  9.3
Transmutations | 3 4 5 7 9 10 12 | 12.5
Unarmed Combat | 4 5 6 7 9 |  9.4
Invocations    | 1 3 5 7 |  7.6

Action                   |  1- 3 |  4- 6 |  7- 9 | 10-12 || total
-------------------------+-------+-------+-------+-------++-------
Melee: Unarmed           |    75 |   148 |   512 |   561 ||  1296
       Bite              |    15 |    30 |    68 |    10 ||   123
       Kick              |     5 |     4 |    24 |       ||    33
       Headbutt          |     2 |     9 |       |       ||    11
       Punch             |       |     3 |     7 |       ||    10
 Cast: Beastly Appendage |     8 |    10 |     6 |       ||    24
       Spider Form       |     1 |     2 |    34 |    49 ||    86
       Sticks to Snakes  |       |       |     2 |    12 ||    14
Invok: Slouch            |       |       |       |     1 ||     1
  Use: Scroll            |       |     3 |     2 |     1 ||     6
       Potion            |       |       |     1 |     3 ||     4
 Stab: Sleeping          |       |     3 |     2 |     2 ||     7
       Distracted        |       |       |     1 |     1 ||     2
  Eat: Chunk             |       |     5 |    17 |    10 ||    32
Armor: Robe              |     3 |    39 |    62 |     5 ||   109
       Skin              |       |     1 |    14 |    15 ||    30
Dodge: Dodged            |    40 |    91 |   437 |   562 ||  1130
